Cogmind - Beta 17.1 @@@ ROGUE MODE // 2026.09.07 @ 20:09:39 Player: C0GU55Y Result: Destroyed by D-53 Grenadier with Mini Grenade Launcher Performance ------------- Evolutions (0) 0 Regions Visited (2) 400 Robots Destroyed (15) 75 Value Destroyed (259) 259 Prototype IDs (2) 40 Alien Tech Used (0) 0 Bonus (0) 0 TOTAL SCORE: 774 Bonus ------- None Cogmind --------- Core Integrity 0/250 Matter 278/300 Energy 87/100 System Corruption 1% Temperature Cool (96) Movement Rolling (95) Ox1 Location -10/Mines Parts ------- > --- POWER (1) -------- (None) > --- PROPULSION (2) --- Wheel > --- UTILITY (2) ------ Medium Storage Unit > --- WEAPON (2) ------- Heavy EM Pulse Gun Autogun > --- INVENTORY (10) --- Ion Engine Wheel Compact Wheel High-capacity Matter Pod (200) Heavy EM Pulse Gun Autogun Autogun Autogun Datajack Mining Laser Peak State ------------ > --- POWER ------------ Light Ion Engine > --- PROPULSION ------- Light Treads Wheel > --- UTILITY ---------- Small Storage Unit Seismic Detector > --- WEAPON ----------- Heavy EM Pulse Gun Autogun > --- INVENTORY -------- Ion Engine Light Treads Wheel Compact Wheel Heavy EM Pulse Gun Autogun Autogun Mining Laser [Rating: 10] Favorites ----------- Power Light Ion Engine Engine Light Ion Engine Propulsion Wheel Treads Light Treads Wheel Wheel Utility Sensor Array Device Sensor Array Storage Medium Storage Unit Weapon Heavy EM Pulse Gun Energy Gun Heavy EM Pulse Gun Ballistic Gun Autogun Special Weapon Mining Laser Build | -11 -10 -10 ------- Run | Yrd Mat Min Slots Evolved . | . . . Power . | . . . Propulsion . | . . . Utility . | . . . Weapon . | . . . Parts Attached 17 | 7 10 . Power 2 | 1 1 . Engine 2 | 1 1 . Core . | . . . Reactor . | . . . Propulsion 3 | 2 1 . Treads 2 | 1 1 . Leg . | . . . Wheel 1 | 1 . . Hover . | . . . Flight . | . . . Utility 4 | 2 2 . Device 2 | 1 1 . Storage 2 | 1 1 . Processor . | . . . Hackware . | . . . Protection . | . . . Artifact . | . . . Weapon 8 | 2 6 . Energy Gun 3 | 1 2 . Energy Cannon . | . . . Ballistic Gun 4 | 1 3 . Ballistic Cannon . | . . . Launcher . | . . . Special Weapon 1 | . 1 . Impact Weapon . | . . . Slashing Weapon . | . . . Piercing Weapon . | . . . Special Melee Weapon . | . . . Unidentified Prototypes . | . . . Parts Lost 4 | . 1 3 Power 1 | . . 1 Propulsion 1 | . . 1 Utility 1 | . . 1 Weapon 1 | . 1 . Highest Loss Streak 3 | . 1 3 To Critical Strikes . | . . . Average Backups 8 | 3 8 10 Power 1 | . 1 1 Propulsion 2 | 1 3 2 Utility . | . . 1 Weapon 4 | . 4 5 Tool/Special . | . . . Unused Backups 10 | . 2 8 Power 1 | . . 1 Propulsion 2 | . . 2 Utility 1 | . . 1 Weapon 5 | . 2 3 Tool/Special 1 | . . 1 Average Slot Usage (%) 99 | . 100 99 Engine 14 | . 14 14 Treads 13 | . 14 13 Wheel 14 | . 14 14 Device 14 | . 14 14 Storage 14 | . 14 14 Energy Gun 14 | . 14 14 Ballistic Gun 13 | . 13 14 Peak Build Rating 10 | 7 10 10 Average Rating 9 | 5 9 9 On Entrance 5 | . 7 10 Avg Prop Armor Cover (%) 11 | 14 11 10 Naked Turns . | . . . Heaviest Build 20 | 12 20 20 Greatest Support 20 | 10 10 20 Greatest Overweight (x) 1 | 1 1 1 Average Overweight (x) . | . 1 . Largest Inventory Capacity 10 | 8 10 10 Average Capacity 9 | 7 9 10 Most Carried 10 | 6 10 10 Average Carried 8 | 3 8 10 Final Capacity 10 | 8 10 10 Final Carried 10 | 6 10 10 Class Distribution -------------------- 100% | Mutant Dominant Class ---------------- Mutant | -10/Materials Mutant | -10/Mines Resources | -11 -10 -10 ----------- Run | Yrd Mat Min Matter Collected 549 | 267 157 125 Remotely . | . . . Salvage Created 347 | 81 206 60 Parts 38 | 10 18 10 Haulers Intercepted 1 | . 1 . Recyclers Shooed . | . . . Parts Field Recycled . | . . . Retrieved Matter . | . . . Parts Self-Destructed . | . . . Prevented . | . . . Parts Restored . | . . . Kills | -11 -10 -10 ------- Run | Yrd Mat Min Combat Hostiles Destroyed 7 | . 4 3 Guns 7 | . 4 3 Classes Destroyed 8 | 1 5 2 Worker 1 | . . 1 Tunneler 3 | 3 . . Hauler 1 | . 1 . Operator 1 | . 1 . Watcher 2 | . 2 . Swarmer 5 | . 3 2 Grunt 1 | . 1 . Demolisher 1 | . . 1 Best Kill Streak 3 | 3 3 2 Combat Bots Only 3 | . 3 2 Max Kills in Single Turn 2 | 2 1 1 Gunslinging . | . . . Exploded . | . . . Melee . | . . . Uniques/NPCs Destroyed . | . . . Combat | -11 -10 -10 -------- Run | Yrd Mat Min Hostile Shots Fired 43 | . 24 19 Missed 15 | . 9 6 Hits 28 | . 15 13 Projectile 28 | . 15 13 AOE 15 | . . 15 Damage Taken 898 | . 393 505 Core 261 | . 131 130 Absorbed by Shields . | . . . Core Remaining (%) 100 | 100 . . Volleys Fired 38 | 4 19 15 Largest 2 | 2 2 2 Hottest 100 | 70 100 68 Shots Fired 69 | 8 36 25 Gun 67 | 8 34 25 Cannon . | . . . Launcher . | . . . Special 2 | . 2 . Kinetic 31 | 4 17 10 Thermal 6 | 4 2 . Explosive . | . . . Electromagnetic 32 | . 17 15 Robot Hit Streak 6 | 2 6 4 Robot Miss Streak 5 | 3 5 3 Penetration Max . | . . . Secondary Targets 1 | . . 1 Max Gunslinging Chain 1 | . . 1 Shots Hit Robots 33 | 4 17 12 Core Hits 17 | 4 8 5 Critical Kills . | . . . Critical Parts Destroyed . | . . . Critical Strikes . | . . . Melee Attacks . | . . . Impact . | . . . Slashing . | . . . Piercing . | . . . Sneak Attacks . | . . . Combat Hostiles . | . . . Follow-up Attacks . | . . . Damage Inflicted 584 | 58 311 215 Guns 501 | 58 268 175 Cannons . | . . . Explosions 83 | . 43 40 Melee . | . . . Ramming . | . . . Kinetic 247 | 32 140 75 Thermal 109 | 26 43 40 Explosive . | . . . Electromagnetic 228 | . 128 100 Impact . | . . . Slashing . | . . . Piercing . | . . . Highest Corruption 1 | . 1 1 Average Corruption 1 | . 1 1 Corruption Purged . | . . . Corruption Blocked . | . . . Effects 5 | . . 5 Message Errors 2 | . . 2 Matter Fused 1 | . . 1 Heat Flow Errors 1 | . . 1 Alerts 1 | . . 1 Overload Shots . | . . . Overflow Damage . | . . . Projectiles . | . . . Explosions . | . . . Melee . | . . . Knockbacks . | . . . Impact . | . . . Kinetic . | . . . Secondary . | . . . Self-Inflicted Damage 67 | . 32 35 Shots 2 | . 1 1 Rammed . | . . . Targets Rammed . | . . . Kicked . | . . . Crushed . | . . . Highest Temperature 271 | 70 136 271 Average Temperature 50 | 35 41 66 Received Heat Transfer 36 | . 36 . Siege Activations . | . . . Martial Activations . | . . . Shielding Activations . | . . . Robots Disrupted . | . . . Combat Hostiles . | . . . Robots Corrupted . | . . . Combat Hostiles . | . . . Parts Fried . | . . . Impact Corruptions . | . . . Robots Melted . | . . . Combat Hostiles . | . . . Parts Melted . | . . . Heat Transferred 124 | 74 50 . Parts Sabotaged . | . . . Parts Stolen . | . . . Parts Stripped . | . . . Power Chain Reactions 2 | . 1 1 Alert | -11 -10 -10 ------- Run | Yrd Mat Min Maximum Alert Level . | . . . Low Security (%) 100 | 100 100 100 Level 1 . | . . . Level 2 . | . . . Level 3 . | . . . Level 4 . | . . . Level 5 . | . . . High Security . | . . . Max Security . | . . . Peak Influence 156 | 10 156 46 Initial 20 | . 6 20 Average 38 | 3 66 7 Influence Increases 328 | 15 226 87 Destroy 0b10 Robot/C 140 | . 80 60 Destroy 0b10 Robot/NC 40 | 15 20 5 Destroy Leader 26 | . 16 10 Allied During Kill 7 | . . 7 Successful Hack 13 | . 13 . Disable Machine 75 | . 75 . Destroy Structure 12 | . 7 5 Lose Combat Pursuer 15 | . 15 . Influence Decreases 321 | 5 183 133 Entered New Map 37 | . 4 33 Time Decay 224 | 5 169 50 Lost Part 40 | . 10 30 Lost Ally 20 | . . 20 Squads Dispatched . | . . . Investigation . | . . . Extermination . | . . . Reinforcement . | . . . Assault . | . . . Garrison . | . . . Intercept . | . . . Searches Triggered . | . . . Construction Impeded . | . . . Haulers Reinforced . | . . . Active Scanning Responses . | . . . Cargo Convoy Interrupts . | . . . Stealth | -11 -10 -10 --------- Run | Yrd Mat Min Distress Signals 1 | . 1 . Communications Jammed . | . . . Distress Signals . | . . . Times Spotted 12 | . 7 5 Peak Tracking Total 3 | . 2 3 Tactical Retreats 1 | . 1 . Traps | -11 -10 -10 ------- Run | Yrd Mat Min Traps Triggered 1 | . 1 . Indirectly . | . . . Trap Hack Attempts . | . . . Triggered . | . . . Disarmed . | . . . Reprogrammed . | . . . Reused . | . . . Traps Extracted . | . . . Installed . | . . . Triggered . | . . . Machines | -11 -10 -10 ---------- Run | Yrd Mat Min Machines Disabled 5 | . 5 . Max in Single Turn 1 | . 1 . Machines Repaired . | . . . Machines Dismantled . | . . . Machines Sabotaged . | . . . Overloaded Fab Kills . | . . . Hacking | -11 -10 -10 --------- Run | Yrd Mat Min Machines Accessed 2 | . 2 . Terminals 2 | . 2 . Fabricators . | . . . Repair Stations . | . . . Recycling Units . | . . . Scanalyzers . | . . . Garrison Access . | . . . Total Hacks 7 | . 7 . Successful 3 | . 3 . Failed 4 | . 4 . Catastrophic . | . . . Database Lockouts . | . . . Manual 2 | . 2 . Terminals 7 | . 7 . Fabricators . | . . . Repair Stations . | . . . Recycling Units . | . . . Scanalyzers . | . . . Garrison Access . | . . . Terminal Hacks 3 | . 3 . Prototype ID Bank 1 | . 1 . Branch Access Points 1 | . 1 . Locate Traps 1 | . 1 . Fabricator Hacks . | . . . Repair Station Hacks . | . . . Recycling Unit Hacks . | . . . Scanalyzer . | . . . Garrison Access Hacks . | . . . Unauthorized Hacks . | . . . Terminals . | . . . Fabricators . | . . . Repair Stations . | . . . Recycling Units . | . . . Scanalyzers . | . . . Garrison Access . | . . . Data Cores Recovered 1 | . 1 . Used . | . . . Hacking Detections 2 | . 2 . Full Trace Events . | . . . Feedback Events . | . . . Feedback Blocked . | . . . Robot Schematics Acquired . | . . . Robots Built . | . . . Authchips . | . . . Time . | . . . Total Robot Build Rating . | . . . Part Schematics Acquired . | . . . Parts Built . | . . . Authchips . | . . . Time . | . . . Total Part Build Rating . | . . . Part Studies Acquired . | . . . Parts Repaired . | . . . Time . | . . . Parts Recycled . | . . . Recycled Matter . | . . . Retrieved Matter . | . . . Retrieved Components . | . . . Parts Scanalyzed . | . . . Part Schematics Acquired . | . . . Parts Damaged . | . . . Bothacking | -11 -10 -10 ------------ Run | Yrd Mat Min Used RIF Installer . | . . . Robots Hacked . | . . . Non-combat . | . . . Combat . | . . . Robot Hacks Applied . | . . . Relay Couplers Released . | . . . Fabnet Peak Effective % . | . . . Robots Rewired . | . . . Allies Hacked . | . . . Hacks Repelled . | . . . Allies | -11 -10 -10 -------- Run | Yrd Mat Min Total Allies 2 | . . 2 Largest Group 2 | . . 2 Highest-Rated Group 43 | . . 43 Highest-Rated Ally 31 | . . 31 Total Orders . | . . . Ally Attacks 2 | . . 2 Total Damage 20 | . . 20 Kills . | . . . Allies Corrupted . | . . . Allies Melted . | . . . Intel | -11 -10 -10 ------- Run | Yrd Mat Min Active Infowar (turns) 698 | 10 409 279 Sensors 644 | . 365 279 Seismic 54 | 10 44 . Robot Analysis Total . | . . . Derelict Logs Recovered . | . . . Drone Launches . | . . . Drone Recoveries . | . . . Exploration | -11 -10 -10 ------------- Run | Yrd Mat Min Turns Passed 765 | 76 410 279 Spaces Moved 634 | 54 331 249 Core 1 | 1 . . Treads 1 | . . 1 Legs . | . . . Wheels 632 | 53 331 248 Hover . | . . . Flight . | . . . Fastest Speed 50 | 50 95 95 Average Speed 94 | 90 95 95 Slowest Speed 160 | 95 95 160 Overloaded Moves . | . . . Propulsion Burnouts . | . . . Robots Hopped . | . . . Potential Cave-ins . | . . . Cave-ins Triggered . | . . . Exploration Rate (%) 32 | 3 45 50 Regions Visited 2 Branch Regions 1 Pre-discovered Areas . | . . . Known Exits Taken 1 | . 1 . Unknown Exits Taken 1 | 1 . . Scrap Searched 1 | . . 1 Spaces Dug . | . . . Terrain Destroyed 10 | . 5 5 Melee . | . . . Projectile . | . . . AOE 10 | . 5 5 Terrain Rammed . | . . . Walls Destroyed . | . . . Machines Disabled . | . . . Actions | -11 -10 -10 --------- Run | Yrd Mat Min Total 730 | 70 390 270 Wait 18 | . 14 4 Move 632 | 53 330 249 Hop . | . . . Pick Up 15 | 6 8 1 Fast Attach 10 | 7 3 . Attach 1 | . 1 . Detach . | . . . Swap 6 | . 6 . Drop 10 | . 9 1 Fire 38 | 4 19 15 Melee . | . . . Ram . | . . . Kick . | . . . Crush . | . . . Escape Stasis . | . . . Rewire . | . . . Trap . | . . . Miscellaneous . | . . . Route ------- -11/Scrapyard -10/Materials (discovered 2 exits: [*Mat] / *Min) -10/Mines (discovered 1 exit: [*Mat]) History --------- Turn | Location | Event 13 | -11/Scrapyard | Discovered new exit (range 16) 77 | -11/Scrapyard | Entered Materials 265 | -10/Materials | Identified exit to Mines 317 | -10/Materials | Build established: Mutant 319 | -10/Materials | Core integrity fell below 50% 448 | -10/Materials | Discovered new exit (range 3) 487 | -10/Materials | Entered Mines 739 | -10/Mines | Assembled infested the area 746 | -10/Mines | Discovered new exit (range 7) 752 | -10/Mines | Core integrity fell below 20% 766 | -10/Mines | Destroyed by D-53 Grenadier with Mini Grenade Launcher Last Messages --------------- 00746_ D-53 Grenadier unfolds itself. 00746_ EXIT=FOUND 00747_ KW-2H4(g) destroyed. 00749_ The unstable cave ceiling collapses. 00752_ K-01 Serf collects debris. 00753_ K-01 Serf destroyed. 00755_ The unstable cave ceiling collapses. 00756_ D-53 Grenadier destroyed. 00756_ Switching to secondary target: D-53 Grenadier. 00756_ Lgt. Treads destroyed. 00758_ U-05 Engineer lays Concrete. 00759_ Destroyed Shock Absorption System. 00759_ U-05 Engineer builds a Wall. 00762_ Lgt. Ion Engine destroyed. 00764_ The unstable cave ceiling collapses. 00765_ U-05 Engineer lays Concrete. 00766_ The unstable cave ceiling collapses. 00766_ U-05 Engineer builds a Wall. 00766_ Sensor Array destroyed. Map ----- +----------------------------------------------------+ | ??# """ #???# ##???????????# #??????????????? | | ??# """ #??? #???????????# #??????????????? | | ??## """ #### #???????????# #??????????????? | | ???# ## #???????????# #??????????????? | | ???## #?????????????# #??????????????? | | ????### ##?????????????# #??????????????? | | ??????#### #??????????????# #??????????????? | | ?????????#### ##??????????????# #??????????????? | | ????????????## ##?????????####### #??????????????? | | ?????????????# #?????????## """ #??????????????? | | ?????????????# ######???## =%= #??????????????? | | ?????????????# #??## !""##??????????????? | | ?????????????###### #??# ####???????????????? | | ??????????????????# #??# ##??????????????????? | | ??????????????????# #??# #######??????????????? | | ??????????????????#?##### #??????????????? | | ??????????????????# ? #??????????????? | | ???????????????#??###### ### #??????????????? | | ???????????????? ??# #u ##?# #??????????????? | | ????????????????? ## ###??#? #??????????????? | | ?????????????????? #??# ?#??????????????? | | ???????????????????# ####? #??????????????? | | ???????????????????## # ## ##???? ### ??? | | ???????????????????# ##r ### ?? | | ???????????????????# =* """ ?????? | | ????????????????????# @ """ ?????? | | ????????????????????# # #### """??????? | | ???????????????????# ##???### ????? | | ???????????????????# #???????? ???? | | ???????????????????# ][= ##????????? #??? | | ?????????????????# =%! ##???????????#####??? | | ?????????????????# # d # ##???????????????????? | | ?????????????????#?## ????????????????????? | | ????????????????????## # < ????????????????????? | | ?????????????????????## # ???????????????????? | | ?????????????????????? ???????????????????? | | ??????????????????????### ???????????????????? | | ????????????????????????# """ "??????????????????? | | ????????????????????????# """ "??????????????????? | | ????????????????????????# ""? ???????????????????? | | ????????????????????????? ???????????????????????? | | ?????????????????????????#???????????????????????? | | ?????????????????????????????????????????????????? | | ?????????????????????????????????????????????????? | | ?????????????????????????????????????????????????? | | ?????????????????????????????????????????????????? | | ?????????????????????????????????????????????????? | | ?????????????????????????????????????????????????? | | | | | +----------------------------------------------------+ Best States ------------- Heat Dissipation 25 Energy Generation 10 Energy Capacity 125 Matter Stores 300 Matter Capacity 300 Sight Range 16 Robot Scan Range 14 Terrain Scan Density 10 Evasion (%) 44 Recoil Reduction 1 Item Schematics ----------------- None Robot Schematics ------------------ None Fabricated ------------ Nothing Repaired ---------- Nothing Studied --------- None Alien Tech Used ----------------- None Achievements -------------- None Challenges ------------ None Game ------ Seed ArcMicrowarpCycler Manual? 0 Play Time 00:09:41 Cumulative 133.8 hours Start 2026.09.07 @ 19:54:06 End 2026.09.07 @ 20:09:39 Sessions 1 Manual Loads 0 Difficulty Rogue Special Mode None Game No. 153 Rogue 153 Adventurer 0 Explorer 0 Win Type - Total 0 Types 0/0/0/0/0/0/0/0/0/0 Lore% 65 Gallery% 51 Achievement% 35 Wizard Run 0 Options --------- Layout 1 ASCII 0 Keyboard 0 Movement Mouse Keybinds 0 Fullscreen 1 Font 24/Smallcaps Map View 50x35 Zoom Use 0% Tactical HUD 1 Map Filters NONE Filters NONE Steam 1 RUN: b736cf63-778b-4ce3-a398-55e023491d0b